 Dungeon Crawl Stone Soup version 0.18-a0-1800-gdc7a371 (webtiles) character file.

14 M4edhros the Grave Robber (level 2, -1/17 HPs)
             Began as an Octopode Necromancer on Apr 24, 2016.
             Slain by a gnoll
             ... wielding a +0 club
              (4 damage)
             ... on level 3 of the Dungeon.
             The game lasted 00:02:12 (453 turns).

M4edhros the Grave Robber (Octopode Necromancer)     Turns: 453, Time: 00:02:13

Health: -1/17      AC:  1    Str: 12    XL:     2   Next: 45%
Magic:  1/5        EV: 12    Int: 17    God:
Gold:   59         SH:  0    Dex: 12    Spells: 1 memorised, 4 levels left

rFire  . . .     SeeInvis .       - Unarmed
rCold  . . .     Gourm    .     (no shield)
rNeg   . . .     Faith    .     (helmet restricted)
rPois  .         Spirit   .     (no amulet)
rElec  .         Dismiss  .     e - ring of teleportation (curse)
rCorr  .         Reflect  .     (no ring)
SustAt .         Harm     .     (no ring)
MR     .....     Rnd*Tele +     (no ring)
Stlth  +++.......               (no ring)
                                (no ring)
                                (no ring)
                                (no ring)

@: mighty, very slightly contaminated, not resistant to hostile enchantments,
fairly stealthy
A: almost no armour, amphibious, 8 rings, constrict 8, camouflage 1, gelatinous
body 1
a: no special abilities


You were on level 3 of the Dungeon.
You were not hungry.

You visited 1 branch of the dungeon, and saw 3 of its levels.

You collected 59 gold pieces.

Inventory:

Missiles
 c - 17 stones (quivered)
 i - 16 sling bullets
Jewellery
 e - a cursed ring of teleportation (left tentacle)
Scrolls
 f - 2 scrolls of remove curse {unknown}
 h - a scroll of noise {unknown}
 j - a scroll of teleportation {unknown}
Potions
 d - a potion of might
 g - a potion of mutation {unknown}
Books
 a - a book of Necromancy

   Spells                             Type                      Level
   a - Pain                           Necromancy                   1
   b - Animate Skeleton               Necromancy                   1
   c - Vampiric Draining              Necromancy                   3
   d - Regeneration                   Charms/Necromancy            3
   e - Animate Dead                   Necromancy                   4
   f - Control Undead                 Necromancy                   4
Comestibles
 b - 2 bread rations
 k - a chunk of flesh


   Skills:
 - Level 2.0 Dodging
 - Level 2.6 Stealth
 + Level 2.0 Unarmed Combat
 - Level 2.0 Spellcasting
 - Level 4.0 Necromancy


You had 4 spell levels left.
You knew the following spells:

 Your Spells              Type           Power        Failure   Level  Hunger
a - Pain                  Necr           ###.         3%          1    #......


Dungeon Overview and Level Annotations

Branches:
Dungeon (3/15)

Altars:


Innate Abilities, Weirdness & Mutations

You cannot wear most types of armour.
You are amphibious.
You can wear up to eight rings at the same time.
You can use your tentacles to constrict eight enemies at once.
Your skin changes colour to match your surroundings (Stealth).
Your rubbery body absorbs attacks (AC +1).


Message History

The gnoll convulses in agony!
Casting: Pain
Confirm with . or Enter, or press ? or * to list all spells.
Aiming: Pain
Press: ? - help, Shift-Dir - straight line, f/p - gnoll
Aim: a gnoll, wielding a club (lightly wounded, chance to defeat MR: 80%)
The gnoll barely resists.
Casting: Pain
Confirm with . or Enter, or press ? or * to list all spells.
Aiming: Pain
Press: ? - help, Shift-Dir - straight line, f/p - gnoll
Aim: a gnoll, wielding a club (lightly wounded, chance to defeat MR: 80%)
You miscast Pain.
You are very lightly contaminated with residual magic.
Nothing appears to happen.
Drink which item? (? for menu, Esc to quit)
It was a potion of might.
You feel very mighty all of a sudden. The gnoll hits you with a club.
You die...

#.. ..# #.# ##..# #..
#...# #.# #.#.# #.#+##
#.#.#######....##
#.#........g....##
#.#.## ##.@.....#
#....####.........#
#.......'.........+
#####....####.........#
#.......## ##.......##
#.###.#.# ##.....##
#.###.#.## ##...##
#........# #+##
#..#..#..# #.#


You could see a gnoll.

Vanquished Creatures
  2 giant cockroaches
  2 goblins (D:1)
  2 ball pythons
  3 bats
  2 giant newts
  3 kobolds (D:1)
  A rat (D:1)
15 creatures vanquished.

Notes
Turn   | Place    | Note
--------------------------------------------------------------
     0 | D:1      | M4edhros the Octopode Necromancer began the quest for the Orb.
     0 | D:1      | Reached XP level 1. HP: 11/11 MP: 3/3
   107 | D:1      | Reached skill level 1 in Unarmed Combat
   168 | D:1      | Reached XP level 2. HP: 4/17 MP: 0/5
   453 | D:3      | Slain by a gnoll

Vault maps used:
D:1:      dpeg_arrival_pits
D:2:      marbit_many_paths, lemuel_crystal_altar, kennysheep_small_spiral
D:3:      vehumet_crystals, gammafunk_temple_overflow_elements

Skill      XL: |  1  2 |
---------------+-------+-----
Unarmed Combat | 1 2 |  2.0
Dodging        | |  2.0
Stealth        | |  2.6
Spellcasting   | |  2.0
Necromancy     | |  4.0

Action                   || total
-------------------------++-------
Melee: Unarmed           ||     6
       Constrict         ||     2
 Cast: Pain              ||    22
  Use: Potion            ||     1
Armor: Skin              ||     1
Dodge: Dodged            ||     2
